 Dungeon Crawl Stone Soup version 0.19.1-1-g22dce08 (webtiles) character file.

1379 Jerry the Slasher (level 8, -2/42 HPs)
             Began as a Vine Stalker Gladiator on Jan 1, 2017.
             Was an Initiate of Dithmenos.
             Shot with an arrow by a centaur (5 damage)
             ... on level 5 of the Dungeon.
             The game lasted 00:11:03 (3920 turns).

Jerry the Slasher (Vine Stalker Gladiator)          Turns: 3920, Time: 00:11:04

Health: -2/42      AC:  7    Str: 18    XL:     8   Next: 66%
Magic:  0/9        EV: 14    Int:  8    God:    Dithmenos [......]
Gold:   389        SH:  0    Dex: 17    Spells: 0 memorised, 7 levels left

rFire  . . .     SeeInvis .     a - +0 long sword
rCold  . . .     Gourm    .     b - +0 leather armour
rNeg   . . .     Faith    .     (no shield)
rPois  .         Spirit   +     c - +0 helmet
rElec  .         Reflect  .     (no cloak)
rCorr  .         Harm     .     (no gloves)
MR     ++...                    t - +1 pair of boots {Stlth+}
Stlth  ++........               (no amulet)
                                z - +1 ring of slaying
                                C - ring of protection from magic

@: no status effects
A: fangs 3, regeneration 1, magic shield, antimagic bite, no device heal 3, rot
immunity
a: Renounce Religion


You were on level 5 of the Dungeon.
You worshipped Dithmenos.
Dithmenos was noncommittal.
You were not hungry.

You visited 2 branches of the dungeon, and saw 6 of its levels.

You collected 389 gold pieces.

Inventory:

Hand Weapons
 a - a +0 long sword (weapon)
Missiles
 d - 3 throwing nets (quivered)
Armour
 b - a +0 leather armour (worn)
 c - a +0 helmet (worn)
 p - a +0 ring mail
 t - a +1 pair of boots of stealth (worn)
 u - a +0 chain mail
Jewellery
 h - an uncursed ring of resist corrosion
 z - a +1 ring of slaying (right hand)
 C - a ring of protection from magic (left hand)
 E - a cursed -2 ring of evasion {unknown}
Scrolls
 e - 2 scrolls of teleportation
 i - a scroll of fear
 j - a scroll of enchant armour
 l - a scroll of identify
 q - 2 scrolls of noise {unknown}
 v - a scroll of remove curse {unknown}
 w - a scroll of amnesia {unknown}
 y - a scroll of magic mapping {unknown}
 A - a scroll of random uselessness {unknown}
Potions
 k - a potion of resistance {unknown}
 n - 2 potions of curing {unknown}
 o - 3 potions of mutation {unknown}
 x - a potion of cure mutation {unknown}
 D - a potion of degeneration {unknown}
 F - a potion of haste {unknown}
Comestibles
 f - 4 bread rations
 g - 2 fruits
 m - 2 slices of pizza
 r - 4 meat rations
 s - a royal jelly
 B - 3 chunks of flesh


   Skills:
 + Level 4.5 Fighting
 + Level 5.2 Long Blades
 - Level 1.9 Throwing
 * Level 4.9 Armour
 + Level 4.6 Dodging


You had 7 spell levels left.
You didn't know any spells.

Dungeon Overview and Level Annotations

Branches:
Dungeon (5/15)             Temple (1/1) D:5

Altars:
Ashenzari
Cheibriados
Dithmenos
Elyvilon
Fedhas
Gozag
Hepliaklqana
Kikubaaqudgha
Makhleb
Nemelex Xobeh
Qazlal
Sif Muna
Xom
Zin
The Shining One

Shops:
D:4 [=(}


Innate Abilities, Weirdness & Mutations

You have razor-sharp teeth.
Your natural rate of healing is unusually fast.
When hurt, damage is shared between your health and your magic reserves.
Your bite disrupts and absorbs the magic of your enemies.
Potions and wands cannot restore your health.
You are immune to rotting.


Message History

The centaur shoots an arrow.
The arrow hits you.
You see here an arrow.
The centaur shoots an arrow.
The arrow hits you.
The centaur shoots an arrow.
The arrow hits you.
You see here 2 arrows.
The centaur shoots an arrow.
The arrow hits you!
* * * LOW HITPOINT WARNING * * *
You see here an arrow.
You are too injured to fight recklessly!
You are too injured to fight recklessly!
You aren't carrying any items that you can evoke.
The centaur shoots an arrow.
The arrow closely misses you.
You see here an arrow.
A worker ant comes into view.
The centaur shoots an arrow.
The arrow hits you.
* * * LOW HITPOINT WARNING * * *
You see here an arrow.
The centaur shoots an arrow.
The arrow barely misses you.
The centaur shoots an arrow.
The arrow hits you.
You die...

#.#.##............
#.#.###.#..#..#...
...........#..#...
....###.##.#..#... # ####
#........#....#..# .. ....
#..<..)....#..#..####... ...
#.#####(..###......... ... #.#
#.##.#.....(.##... #.# #(# #.#
#a....@....... #.# #.# #.#
#.#....####### ##.# #.# #.#
#.#.(........ #... #.#
#)###.#(#))###### #.## ..#
#.(..c.((((# #.# #.##
##.........# #.#
...#####.........###### #.#
......................# #.#
.....###.......#.####.########.##


You could see a centaur and a worker ant (wandering).

Vanquished Creatures
  The ghost of efeel the Chiller, an amateur DgIE (D:4)
  An ice beast (D:5)
  A sky beast (D:3)
  A phantom (D:4)
  3 ogres
  2 centaurs (D:5)
  A bullfrog (D:4)
  A howler monkey (D:5)
  A hound (D:4)
  2 orc priests
  2 orc wizards
  2 worker ants
  2 hound skeletons
  A howler monkey skeleton (D:4)
  7 adders
  An ooze (D:2)
  An adder zombie (D:5)
  An adder skeleton (D:4)
  A worm (D:2)
  3 dart slugs
  A leopard gecko (D:4)
  7 orcs
  7 giant cockroaches
  8 goblins
  7 hobgoblins
  7 jackals (D:2)
  12 kobolds
  5 quokkas
  2 ball pythons (D:5)
  A ball python skeleton (D:5)
  A bat (D:1)
  8 frilled lizards
  A quokka skeleton (D:4)
  7 rats
109 creatures vanquished.

Notes
Turn   | Place    | Note
-------+----------+-------------------------------------------
     0 | D:1      | Jerry the Vine Stalker Gladiator began the quest for the Orb.
     0 | D:1      | Reached XP level 1. HP: 11/11 MP: 2/2
     6 | D:1      | Noticed an iguana
     6 | D:1      | Noticed a rime drake
     6 | D:1      | Noticed an anaconda
     7 | D:1      | Noticed a swamp worm
   161 | D:1      | Reached skill level 3 in Long Blades
   161 | D:1      | Reached XP level 2. HP: 15/15 MP: 3/3
   750 | D:2      | Reached XP level 3. HP: 18/18 MP: 4/4
   798 | D:2      | Found a stormy altar of Qazlal.
   984 | D:2      | Gained mutation: Your natural rate of healing is unusually fast. [Vine Stalker growth]
   984 | D:2      | Reached XP level 4. HP: 12/23 MP: 5/5
  1207 | D:2      | Reached skill level 1 in Armour
  1729 | D:3      | Noticed a sky beast
  1752 | D:3      | Killed a sky beast
  1752 | D:3      | Reached XP level 5. HP: 13/27 MP: 3/6
  2178 | D:3      | Reached XP level 6. HP: 19/32 MP: 3/7
  2427 | D:4      | Found Vuplelae's Antique Weapon Shop.
  2433 | D:4      | Found Kidates's Jewellery Shoppe.
  2438 | D:4      | Reached skill level 4 in Long Blades
  2535 | D:4      | Noticed efeel's ghost (amateur DgIE)
  2586 | D:4      | Reached XP level 7. HP: 12/36 MP: 8/8
  2654 | D:4      | Killed efeel's ghost
  2905 | D:4      | Gained mutation: You have razor-sharp teeth. [Vine Stalker growth]
  2905 | D:4      | Reached XP level 8. HP: 18/42 MP: 6/9
  2992 | D:4      | Found Daqaunif's Gadget Emporium.
  3196 | D:4      | Found Xiecerus's Antique Armour Shop.
  3241 | D:5      | Entered Level 5 of the Dungeon
  3379 | D:5      | Found a staircase to the Ecumenical Temple.
  3392 | Temple   | Entered the Ecumenical Temple
  3483 | Temple   | Became a worshipper of Dithmenos the Shadowed
  3519 | D:5      | Reached skill level 5 in Long Blades
  3918 | D:5      | HP: 1/42 [centaur/arrow (5)]
  3920 | D:5      | Shot with an arrow by a centaur

Skill      XL: |  1  2  3  4  5  6  7  8 |
---------------+-------------------------+-----
Long Blades    | 3 4 5 |  5.2
Fighting       | 2 3 4 |  4.5
Dodging        | 3 4 |  4.6
Armour         | 1 2 3 4 |  4.9
Throwing       | |  1.9

Action                   |  1- 3 |  4- 6 |  7- 9 || total
-------------------------+-------+-------+-------++-------
Melee: Long sword        |    62 |   144 |   133 ||   339
       Bite              |    21 |    41 |    51 ||   113
  Use: Scroll            |       |       |     4 ||     4
 Stab: Distracted        |       |     2 |       ||     2
       Sleeping          |       |     2 |     5 ||     7
  Eat: Chunk             |       |     6 |     4 ||    10
Armor: Leather armour    |    12 |    49 |    37 ||    98
Dodge: Dodged            |    43 |    84 |    98 ||   225
       Rpst.: Long sword |    21 |    18 |    28 ||    67
